 Dungeon Crawl Stone Soup version 0.29.0-13-gc9e81de378 (webtiles) character file.

Game seed: 7250425994184123733

219 Ofeo the Digger (level 6, -1/47 HPs)
             Began as a Meteoran Earth Elementalist on Sept 9, 2022.
             Was an Initiate of Ashenzari.
             Slain by an orc
             ... wielding the +12 short sword of Ignis, Charming {vorpal, rF- rC++ MP+9 SInv}
              (9 damage)
             ... on level 5 of the Dungeon.
             The game lasted 00:06:15 (671 turns).

Ofeo the Digger (Meteoran Earth Elementalist)        Turns: 671, Time: 00:06:16

Health: -1/47      AC:  4    Str: 10    XL:     6   Next: 41%
Magic:  9/12       EV: 13    Int: 19    God:    Ashenzari [......]
Gold:   57         SH:  0    Dex: 14    Spells: 6/12 levels left

rFire   . . .      SeeInvis .   (no weapon)
rCold   . . .      Faith    .   (no shield)
rNeg    . . .      Spirit   .   a - +0 robe
rPois   .          Reflect  .   o - +0 helmet
rElec   .          Harm     .   (no cloak)
rCorr   .          Rampage  .   (no gloves)
Will    .....                   h - +0 pair of boots
Stlth   +.........              (no amulet)
HPRegen 0.15/turn               (no ring)
MPRegen 0.13/turn               (no ring)

@: on berserk cooldown, slowed, glowing, very slow
A: sense surroundings 1, otherworldly, glowing, explore regen
a: Renounce Religion


You were on level 5 of the Dungeon.
You worshipped Ashenzari.
Ashenzari was noncommittal.
You visited 2 branches of the dungeon, and saw 6 of its levels.

You collected 57 gold pieces.

Inventory:

Armour
 a - a +0 robe (worn)
 h - a +0 pair of boots (worn)
 o - a +0 helmet (worn)
Scrolls
 d - a scroll of teleportation {unknown}
 i - 2 scrolls of identify {unknown}
 j - a scroll of enchant weapon {unknown}
 l - a scroll of enchant armour {unknown}
 m - a scroll of immolation {unknown}
Potions
 b - a potion of magic


   Skills:
 + Level 1.1 Fighting
 + Level 3.6 Dodging
 + Level 2.3 Stealth
 + Level 3.9 Spellcasting
 + Level 1.2 Conjurations
 + Level 3.0 Transmutations
 + Level 4.5 Earth Magic


You had 6 spell levels left.
You knew the following spells:

 Your Spells              Type           Power      Damage    Failure   Level
a - Sandblast             Erth           42%        2d11      1%          1
b - Passwall              Tmut/Erth      15%        N/A       4%          2
c - Stone Arrow           Conj/Erth      28%        3d8       13%         3

Your spell library contained the following spells:

 Spells                   Type           Power      Damage    Failure   Level
 Petrify                  Tmut/Erth      18%        N/A       28%         4
 Summon Lightning Spire   Summ/Air       3%         N/A       80%         4
 Storm Form               Tmut/Air       4%         N/A       100%        7
 Maxwell's Capacitive Co  Air            1%         ∞         100%        8


Dungeon Overview and Level Annotations

Branches:
Dungeon (5/15) Zot: 2286   Temple (1/1) D:5 Zot: 589

Altars:
Ashenzari
Cheibriados
Dithmenos
Elyvilon
Fedhas
Gozag
Kikubaaqudgha
Nemelex Xobeh
Okawaru
Qazlal
Ru
Sif Muna
Trog
Uskayaw
Wu Jian
Xom
The Shining One

Portals:
Sewer: D:3

Annotations:
D:4 Pikel
D:5 RascalDebosk's ghost, amateur TrBe


Innate Abilities, Weirdness & Mutations

You passively map a small area around you.
You are easily found by Zot.
You glow in the dark.
You regain HP and MP as you explore.


Message History

You take 1 damage, and have 66/70 hp.
You are no longer berserk.
You are exhausted.
You feel yourself slow down.
You feel sick.
The orc throws a poisoned dart.
The poisoned dart hits you!
You are more poisoned.
You now have 43/47 hp.
Casting: Sandblast (safe; 1% risk of failure)
Confirm with . or Enter, or press ? or * to list all spells.
Aiming: Sandblast (safe; 1% risk of failure)
Press: ? - help, Shift-Dir - straight line, f - orc priest
Aim: an orc priest, wielding a +0 mace (83% to hit)
The blast of sand hits the orc priest!
The orc priest is almost dead.
You feel extremely sick.
The orc priest mumbles some strange prayers to Beogh against you.
Pain shoots through your body!
You take 18 damage, and have 25/47 hp.
MASSIVE DAMAGE!!
You now have 10/12 mp.
You feel better.
The orc priest calls down the wrath of Beogh upon you.
Pain shoots through your body! The orc barely misses you.
The orc priest closely misses you. The orc barely misses you.
The orc priest hits you with a +0 falchion.
The orc priest completely misses you.
You take 2 damage, and have 23/47 hp.
Casting: Sandblast (safe; 1% risk of failure)
Confirm with . or Enter, or press ? or * to list all spells.
Aiming: Sandblast (safe; 1% risk of failure)
Press: ? - help, Shift-Dir - straight line, f/p - orc priest
Aim: an orc priest, wielding a +0 mace (almost dead, 83% to hit)
The blast of sand hits the orc priest!
You kill the orc priest!
The orc priest mumbles some strange prayers to Beogh against you.
Beogh smites you!
* * * LOW HITPOINT WARNING * * *
The orc closely misses you. The orc priest barely misses you.
The orc hits you with the +12 short sword of Ignis, Charming {vorpal, rF- rC++ MP+9 SInv}!
You die...

* * #.~~§~~.
8....[_[....8# #..~~o..
# ............#
##..#####
#.#8#..8..#8#.#
#.o......
#.###.....###.#
#.#######
#....#####....# #.# , ,
#.............# #.# *
#######'''####### ###.#
,
#8.........)@..8###...#
, *
#..........oo...##..###
, ########.......).).##
* ############# , , ,,
*


You could see an orc priest and an orc.

Vanquished Creatures
  Edmund (D:4)
  An orc priest (D:5)
  Natasha (D:3)
  Robin (D:4)
  A river rat (D:3)
  An adder (D:2)
  2 worms
  11 orcs
  4 giant cockroaches
  8 goblins
  6 hobgoblins
  2 quokkas
  A frilled lizard (D:2)
  2 kobolds
  2 rats (D:3)
44 creatures vanquished.

Notes
Turn   | Place    | Note
-------+----------+-------------------------------------------
     0 | D:1      | Ofeo the Meteoran Earth Elementalist began the quest for
                  | the Orb.
     0 | D:1      | Reached XP level 1. HP: 14/14 MP: 5/5
    61 | D:3      | Found a faded altar of an unknown god.
    61 | D:3      | Noticed a great orb of eyes
    69 | D:3      | Noticed a great orb of eyes
    70 | D:3      | Noticed an eye of devastation
    70 | D:3      | Noticed an eye of devastation
    80 | D:3      | Found a hide-covered altar of Uskayaw.
    84 | D:3      | Reached XP level 2. HP: 20/20 MP: 3/6
   105 | D:2      | Reached XP level 3. HP: 9/26 MP: 2/8
   141 | D:3      | Found a glowing drain.
   155 | D:3      | Reached skill level 4 in Earth Magic
   199 | D:4      | Noticed a lemure
   199 | D:4      | Noticed Natasha
   201 | D:4      | Noticed Pikel
   201 | D:4      | Noticed a lemure
   202 | D:4      | Noticed a lemure
   205 | D:3      | Killed Natasha
   206 | D:3      | Reached XP level 4. HP: 25/33 MP: 5/10
   209 | D:3      | Learned a level 2 spell: Passwall
   213 | D:3      | Learned a level 3 spell: Stone Arrow
   257 | D:4      | Noticed Robin
   319 | D:4      | Killed Robin
   320 | D:4      | Reached XP level 5. HP: 21/38 MP: 8/11
   447 | D:5      | Entered Level 5 of the Dungeon
   447 | D:5      | Found a staircase to the Ecumenical Temple.
   447 | D:5      | Found a stormy altar of Qazlal.
   457 | Temple   | Entered the Ecumenical Temple
   462 | Temple   | Became a worshipper of Ashenzari the Shackled
   482 | D:5      | Found a runed translucent gate.
   483 | D:5      | Found a runed translucent gate.
   483 | D:5      | Noticed RascalDebosk's ghost (amateur TrBe)
   484 | D:5      | Found a runed translucent gate.
   486 | D:5      | Identified the +12 short sword of Ignis, Charming {vorpal,
                  | rF- rC++ MP+9 SInv}
   486 | D:5      | Identified the +4 scale mail of Xefoak {rF- Dex+3 Stlth+}
   536 | D:4      | Noticed Edmund
   579 | D:4      | Killed Edmund
   580 | D:4      | Reached skill level 1 in Fighting
   580 | D:4      | Reached skill level 1 in Conjurations
   580 | D:4      | Reached XP level 6. HP: 31/47 MP: 4/12
   671 | D:5      | Slain by an orc

Illustrated notes

Levels and vault maps discovered:
D:1:      arrival_zaba_pyramid, layout_basic, ebering_dispersal_statue_hall,
          amcnicky_mini_rare_corridor_liquid, minivault_23
D:2:      layout_rooms, serial_shops, nicolae_shop_overgrown_old_shop,
          serial_glass, glass_columns_a, glass_columns_a
D:3:      layout_rooms, nicolae_uskayaw_murder_on_the_dancefloor,
          mainiacjoe_overflow_24_doors, hellmonk_ecumenical_altar_watching_god,
          portal_sewer_entry_a, minmay_misc_feat_four_crosses
D:4:      layout_basic, nicolae_hepliaklqana_monster_ancestors,
          chequers_serial_rivers_micro_b, uniq_grinder, uniq_pikel,
          uniq_natasha, uniq_robin, uniq_edmund
D:5:      minmay_recursive_quarters, layout_basic, mainiacjoe_overflow_paths,
          minmay_temple_entry_mist, biasface_ghost_orc_armoury, corner_web_ring,
          minmay_manual_mares, uniq_blork_the_orc
Temple:   minmay_freezing_vapour_temple

Skill      XL: |  1  2  3  4  5  6 |
---------------+-------------------+-----
Spellcasting   | 3 |  3.9
Transmutations | 2 3 |  3.0
Earth Magic    | 4 |  4.5
Dodging        | 3 |  3.6
Stealth        | 2 |  2.3
Fighting       | 1 |  1.1
Conjurations   | 1 |  1.2

Action                   |  1- 3 |  4- 6 || total
-------------------------+-------+-------++-------
 Cast: Sandblast         |    29 |    43 ||    72
       Stone Arrow       |       |     4 ||     4
  Use: Potion            |       |     7 ||     7
       Scroll            |       |     1 ||     1
Armor: Robe              |       |    17 ||    17
Dodge: Dodged            |     7 |    30 ||    37
